 Dungeon Crawl Stone Soup version 0.26.1-2-gb8aa6d0cf2 (webtiles) character file.

Game seed: 8111951299954829467

2909 Mattiprrivan the Cudgeller (level 9, -1/67 HPs)
             Began as a Vine Stalker Berserker on Feb 17, 2021.
             Was an Elder of Trog.
             Succumbed to a killer bee's poison
             ... on level 7 of the Dungeon.
             The game lasted 00:56:01 (5989 turns).

Mattiprrivan the Cudgeller (Vine Stalker Berserker) Turns: 5989, Time: 00:56:03

Health: -1/67      AC: 12    Str: 18 (21) XL:     9   Next: 78%
Magic:  0/10       EV: 12    Int:  5 (7)  God:    Trog [****..]
Gold:   357        SH:  4    Dex: 15 (16) Spells: 8/8 levels left

rFire    . . .     SeeInvis .   a - +4 mace
rCold    . . .     Faith    .   l - +0 buckler
rNeg     . . .     Spirit   +   r - +5 ring mail "Qorph" {Will+}
rPois    .         Reflect  .   s - +1 hat
rElec    .         Harm     .   (no cloak)
rCorr    .         Rampage  .   i - +0 pair of gloves
Will     ++...                  (no boots)
Stlth    ..........             n - amulet of magic regeneration
HPRegen  0.61/turn              (no ring)
MPRegen  0.37/turn              (no ring)

@: berserking (expiring), lethally poisoned (-1 -> -9), very quick
A: fangs 3, regeneration 1, magic shield, antimagic bite, no potion heal 3
a: Renounce Religion, Berserk, Trog's Hand, Brothers in Arms


You were on level 7 of the Dungeon.
You worshipped Trog.
Trog was greatly pleased with you.
You visited 1 branch of the dungeon, and saw 7 of its levels.

You collected 357 gold pieces.

Inventory:

Hand Weapons
 a - a +4 mace (weapon)
 d - a +1 dagger of draining
 g - a +1 halberd of freezing
Missiles
 b - 23 poisoned darts (quivered)
 e - 4 boomerangs
 h - 6 atropa-tipped darts
Armour
 i - a +0 pair of gloves (worn)
 l - a +0 buckler (worn)
 o - a +3 leather armour of cold resistance
 r - the +5 ring mail "Qorph" (worn) {Will+}
   (You found it on level 7 of the Dungeon)

   It affects your willpower, your defense against some magical effects.
 s - a +1 hat (worn)
Jewellery
 n - an amulet of magic regeneration (around neck)
Wands
 m - a wand of paralysis (4)
 p - a wand of disintegration (17)
Scrolls
 j - 2 scrolls of remove curse
Potions
 k - a potion of curing
 q - 2 potions of haste


   Skills:
 * Level 4.0 Fighting
 * Level 2.8(3.3) Short Blades
 * Level 2.3(3.0) Long Blades
 * Level 2.7(5.0) Axes
 * Level 6.1(6.7) Maces & Flails
 * Level 2.1(3.4) Polearms
 * Level 2.7(5.0) Staves
 * Level 3.2 Throwing
 * Level 3.4 Armour
 * Level 3.1 Dodging
 * Level 4.2 Stealth
 * Level 2.1 Shields
 * Level 2.9 Unarmed Combat
 * Level 1.9 Evocations


You had 8 spell levels left.
You didn't know any spells.
Your spell library was empty.

Dungeon Overview and Level Annotations

Branches:
Dungeon (7/15)             Temple (0/1) D:5

Altars:
Ashenzari
Dithmenos
Kikubaaqudgha
Makhleb
Ru
Sif Muna
Vehumet
Yredelemnul
Zin
The Shining One


Innate Abilities, Weirdness & Mutations

You have razor-sharp teeth.
Your natural rate of healing is unusually fast.
When hurt, damage is shared between your health and your magic reserves.
Your bite disrupts and absorbs the magic of your enemies.
Potions cannot restore your health.


Message History

* * * LOW HITPOINT WARNING * * *
The gnoll hits you.
Hit: a) +4 mace
Press: ? - help, Dir - move target, f/p - killer bee
Aim: a killer bee (moderately wounded)
You miss the killer bee. You bite the killer bee!
You feel the power of Trog in you as your rage grows.
You kill the killer bee!
Trog accepts your kill.
* * * LOW HITPOINT WARNING * * *
You feel sick.
The killer bee stings you but does no damage.
The giant cockroach barely misses you. You block the killer bee's attack.
Hit: a) +4 mace
Press: ? - help, Dir - move target, f - gnoll
Aim: a gnoll You hit the gnoll.
You bite the gnoll!
You kill the gnoll!
Trog accepts your kill.
You die...

....# #.......### ....+
#'###g...# ....#
#.......## ....#
#.....g.# ....#
#..##..######### ....#
##..##..#.......# ....#
#.......#.[.....# ....#
#......g#†B.....# ....#
#......g)@......#
....#####'###+##y......#
................########
................#
................#
................#
#####........>..# #
########....# >...#


You could see a killer bee, 2 gnolls and a giant cockroach.

Vanquished Creatures
  The ghost of tysohal the Ruffian, a novice TrWr of Uskayaw (D:6)
  Eustachio (D:6)
  Sigmund (D:5)
  A water moccasin (D:6)
  A phantom (D:5)
  A sky beast (D:5)
  An ice beast (D:6)
  2 ogres (D:6)
  A bullfrog (D:6)
  A spectral water moccasin (D:6)
  4 killer bees (D:7)
  3 wights (D:6)
  2 howler monkeys (D:4)
  A bullfrog zombie (D:6)
  2 quasits
  A hound (D:5)
  3 orc wizards
  2 orc priests
  A gnoll shaman (D:7)
  3 worker ants
  A hound zombie (D:5)
  2 hound skeletons
  A killer bee simulacrum (D:6)
  8 gnolls
  6 adders
  A worker ant simulacrum (D:6)
  2 ufetubi
  An ooze (D:5)
  2 adder skeletons
  4 dart slugs
  2 leopard geckos
  12 orcs
  4 giant cockroaches
  7 goblins
  3 hobgoblins
  6 jackals
  5 kobolds
  3 quokkas (D:2)
  4 bats
  4 frilled lizards
  4 rats
115 creatures vanquished.

Vanquished Creatures (collateral kills)
  Pikel (D:6)
  Prince Ribbit (D:6)
  An orc wizard (D:7)
  A white imp (D:7)
  An orc (D:7)
5 creatures vanquished.

Grand Total: 120 creatures vanquished

Notes
Turn   | Place    | Note
-------+----------+-------------------------------------------
     0 | D:1      | Mattiprrivan the Vine Stalker Berserker began the quest for
                  | the Orb.
     0 | D:1      | Reached XP level 1. HP: 11/11 MP: 2/2
   294 | D:1      | Reached XP level 2. HP: 11/16 MP: 3/3
   522 | D:1      | Reached skill level 3 in Maces & Flails
   925 | D:1      | Reached ** piety under Trog
   964 | D:1      | Reached XP level 3. HP: 19/19 MP: 4/4
  1492 | D:2      | Reached skill level 1 in Stealth
  1726 | D:2      | Found a sacrificial altar of Ru.
  2557 | D:3      | Gained mutation: Your natural rate of healing is unusually
                  | fast. [Vine Stalker growth]
  2557 | D:3      | Reached XP level 4. HP: 23/23 MP: 5/5
  2670 | D:3      | Reached XP level 5. HP: 28/28 MP: 6/6
  2800 | D:3      | Found a faded altar of an unknown god.
  2810 | D:3      | Reached skill level 1 in Throwing
  2851 | D:3      | Reached *** piety under Trog
  2852 | D:3      | Reached skill level 1 in Unarmed Combat
  3117 | D:4      | Found a basalt altar of Yredelemnul.
  3234 | D:4      | Reached skill level 1 in Staves
  3253 | D:4      | Found a broken altar of Ashenzari.
  3635 | D:4      | Reached skill level 1 in Short Blades
  3635 | D:4      | Reached XP level 6. HP: 32/32 MP: 7/7
  3638 | D:4      | Reached skill level 1 in Axes
  3764 | D:5      | Entered Level 5 of the Dungeon
  3768 | D:5      | Noticed Sigmund
  3789 | D:5      | Killed Sigmund
  3790 | D:5      | Reached skill level 4 in Maces & Flails
  3790 | D:5      | Reached XP level 7. HP: 36/36 MP: 8/8
  3881 | D:5      | Found an ancient bone altar of Kikubaaqudgha.
  3983 | D:5      | Found a staircase to the Ecumenical Temple.
  4230 | D:5      | Found a shadowy altar of Dithmenos.
  4662 | D:6      | Gained mutation: You have razor-sharp teeth. [Vine Stalker
                  | growth]
  4662 | D:6      | Reached XP level 8. HP: 40/40 MP: 9/9
  4675 | D:6      | Reached skill level 1 in Shields
  4757 | D:6      | Found a runed translucent gate.
  4757 | D:6      | Found a runed translucent gate.
  4757 | D:6      | Found a runed translucent gate.
  4762 | D:6      | Noticed tysohal's ghost (novice TrWr)
  4831 | D:6      | Reached skill level 1 in Long Blades
  4831 | D:6      | Reached skill level 5 in Maces & Flails
  4930 | D:6      | Reached skill level 1 in Evocations
  4978 | D:6      | Found a glowing silver altar of Zin.
  5043 | D:6      | Killed tysohal's ghost
  5044 | D:6      | Reached skill level 1 in Polearms
  5044 | D:6      | Reached XP level 9. HP: 29/45 MP: 10/10
  5136 | D:6      | Noticed Pikel
  5138 | D:6      | Noticed Prince Ribbit
  5144 | D:6      | Reached **** piety under Trog
  5151 | D:6      | Killed Pikel
  5155 | D:6      | Killed Prince Ribbit
  5243 | D:6      | Found a burning altar of Makhleb.
  5263 | D:6      | Reached skill level 6 in Maces & Flails
  5305 | D:6      | Noticed Eustachio
  5310 | D:6      | Killed Eustachio
  5546 | D:6      | Found a shimmering blue altar of Sif Muna.
  5705 | D:6      | Found a glowing golden altar of the Shining One.
  5707 | D:6      | Noticed an angel
  5738 | D:6      | Found a radiant altar of Vehumet.
  5776 | D:6      | Found a basalt altar of Yredelemnul.
  5778 | D:6      | Noticed a profane servitor
  5882 | D:7      | Got a pitted ring mail
  5897 | D:7      | Identified the +5 ring mail "Qorph" {Will+} (You found it
                  | on level 7 of the Dungeon)
  5987 | D:7      | HP: 1/67 [killer bee (3)]
  5989 | D:7      | Succumbed to a killer bee's poison

Illustrated notes

Levels and vault maps discovered:
D:1:      nzn_arrival_water_spiral, layout_basic
D:2:      layout_loops_corners, lemuel_round_altar
D:3:      layout_rooms, chequers_ecumenical_altar_simple
D:4:      layout_basic, nicolae_ashenzari_panopticon, yredelemnul_altar_generic
D:5:      layout_loops_ring, minmay_temple_entry_tees, basic_altar,
          grunt_dithmenos_shadows, uniq_sigmund
D:6:      layout_loops_ring, grunt_temple_overflow_holy_war,
          lemuel_crystal_altar, old_standard_altar, vehumet_crystals,
          general_overflow_altar, gammafunk_ghost_necromancy,
          uniq_prince_ribbit1, uniq_eustachio, uniq_pikel
D:7:      layout_gridville, nicolae_qazlal_style_of_elements

Skill      XL: |  1  2  3  4  5  6  7  8  9 |
---------------+----------------------------+-----
Maces & Flails | 3 4 5 6 |  6.1
Stealth        | 1 2 3 4 |  4.2
Armour         | 2 3 |  3.4
Fighting       | 3 4 |  4.0
Throwing       | 1 2 3 |  3.2
Unarmed Combat | 1 2 |  2.9
Staves         | 1 2 |  2.7
Short Blades   | 1 2 |  2.8
Dodging        | 2 3 |  3.1
Axes           | 1 2 |  2.7
Shields        | 1 2 |  2.1
Long Blades    | 1 2 |  2.3
Evocations     | 1 |  1.9
Polearms       | 1 2 |  2.1

Action                   |  1- 3 |  4- 6 |  7- 9 || total
-------------------------+-------+-------+-------++-------
Melee: Mace              |    75 |    59 |   176 ||   310
       Bite              |    17 |    10 |    53 ||    80
Throw: Dart              |    29 |    21 |    39 ||    89
Invok: Berserk           |       |     2 |     6 ||     8
       Brothers in Arms  |       |       |     2 ||     2
Evoke: Wand              |       |       |    10 ||    10
  Use: Scroll            |     9 |     4 |     7 ||    20
       Potion            |     1 |     3 |     1 ||     5
 Stab: Sleeping          |       |     2 |       ||     2
       Paralysed         |       |       |     7 ||     7
Armor: Ring mail         |    25 |    12 |    17 ||    54
       Animal skin       |     2 |       |       ||     2
       Leather armour    |       |     2 |    46 ||    48
Dodge: Dodged            |    36 |    36 |   120 ||   192
Block: Buckler           |       |       |    38 ||    38
